 Dungeon Crawl Stone Soup version 0.29-a0-322-g68df515428 (webtiles) character file.

Game seed: 6656175155398844025

429 kae the Firebug (level 6, 0/36 HPs)
             Began as a Tengu Fire Elementalist on Apr 7, 2022.
             Slain by a gnoll
             ... wielding a +0 halberd
              (9 damage)
             ... on level 5 of the Dungeon.
             The game lasted 00:04:01 (6124 turns).

kae the Firebug (Tengu Fire Elementalist)           Turns: 6124, Time: 00:04:02

Health: 0/36       AC:  4    Str:  9    XL:     6   Next: 98%
Magic:  8/11       EV: 15    Int: 17    God:
Gold:   259        SH:  0    Dex: 14    Spells: 5/11 levels left

rFire   . . .      SeeInvis .   e - +5 trident (protect)
rCold   . . .      Faith    .   (no shield)
rNeg    + . .      Spirit   .   j - +0 leather armour
rPois   .          Reflect  .   (helmet restricted)
rElec   .          Harm     .   r - +0 cloak
rCorr   .          Rampage  .   (no gloves)
Will    .....                   (boots unavailable)
Stlth   ++........              (no amulet)
HPRegen 0.12/turn               n - ring of positive energy
MPRegen 0.12/turn               (no ring)

@: flying quickly and evasively, quick
A: beak, talons 3, nimble flight
a: no special abilities


You were on level 5 of the Dungeon.
You visited 1 branch of the dungeon, and saw 5 of its levels.

You collected 259 gold pieces.

Inventory:

Hand Weapons
 e - a +5 trident of protection (weapon)
 f - a +0 dagger
Missiles
 m - a throwing net
Armour
 g - a +0 cloak
 j - a +0 leather armour (worn)
 r - a +0 cloak (worn)
Jewellery
 n - a ring of positive energy (left hand)
Wands
 c - a wand of iceblast (12)
 o - a wand of polymorph (7)
 q - a wand of flame (22)
Potions
 a - 2 potions of lignification
 b - a potion of magic
 d - 5 potions of curing
 h - a potion of degeneration
 i - 4 potions of heal wounds
 k - 2 potions of might
 l - a potion of attraction
 u - a potion of haste
 v - 2 potions of brilliance
 w - 2 potions of berserk rage


   Skills:
 + Level 2.3 Fighting
 + Level 2.5 Armour
 + Level 3.4 Dodging
 - Level 2.0 Stealth
 + Level 3.0 Spellcasting
 + Level 3.4 Conjurations
 * Level 5.3 Fire Magic


You had 5 spell levels left.
You knew the following spells:

 Your Spells              Type           Power      Damage    Failure   Level
a - Foxfire               Conj/Fire      68%        2x1d7     4%          1
b - Scorch                Fire           40%        2d7       4%          2
c - Conjure Flame         Conj/Fire      17%        6-21      12%         3

Your spell library contained the following spells:

 Spells                   Type           Power      Damage    Failure   Level
 Inner Flame              Hex/Fire       11%        N/A       24%         3
 Flame Wave               Conj/Fire      17%        2d6       36%         4
 Frozen Ramparts          Ice            4%         1d2       56%         3
 Ozocubu's Armour         Ice            2%         N/A       56%         3
 Tukima's Dance           Hex            2%         N/A       56%         3
 Ice Form                 Ice/Tmut       2%         N/A       93%         4
 Passage of Golubria      Tloc           2%         N/A       93%         4
 Summon Ice Beast         Ice/Summ       2%         N/A       93%         4
 Yara's Violent Unravell  Hex/Tmut       1%         3d3       100%        5
 Summon Cactus Giant      Summ           1%         N/A       100%        6
 Ozocubu's Refrigeration  Ice            1%         4d5       100%        7


Dungeon Overview and Level Annotations

Branches:
Dungeon (5/15)
 Temple: D:4-7

Altars:
Gozag
Kikubaaqudgha
Qazlal
Xom


Innate Abilities, Weirdness & Mutations

You have a beak for a mouth.
You have claws for feet.
Your magical nature lets you fly swiftly and evasively.


Message History

Things that are here:
a +1 whip of pain; a +0 leather armour
There is a stone staircase leading down, spattered with blood here.
You start resting.
HP restored.
You fly downwards.
The gnoll barely misses you. x2
There is a stone staircase leading up here.
Casting: Scorch (safe; 4% risk of failure)
Confirm with . or Enter, or press ? or * to list all spells.
You conjure some foxfire!
The gnoll hits you from afar with a +0 halberd!
The foxfire hits the gnoll.
The gnoll is lightly wounded.
The foxfire hits the gnoll but does no damage.
The gnoll is lightly wounded.
The gnoll hits you from afar with a +0 halberd.
Casting: Foxfire (safe; 4% risk of failure)
Confirm with . or Enter, or press ? or * to list all spells.
You conjure some foxfire!
The gnoll barely misses you. The gnoll closely misses you.
The foxfire hits the gnoll.
The gnoll is moderately wounded.
The foxfire hits the gnoll.
The gnoll is heavily wounded.
The gnoll misses you.
The gnoll hits you from afar with a +0 halberd!
Casting: Foxfire (safe; 4% risk of failure)
Confirm with . or Enter, or press ? or * to list all spells.
You conjure some foxfire!
The gnoll hits you from afar with a +0 halberd.
The gnoll barely misses you. The gnoll closely misses you.
The foxfire hits the gnoll.
The gnoll is severely wounded.
The foxfire hits the gnoll.
You kill the gnoll!
The gnoll hits you from afar with a +0 spear of freezing.
The gnoll freezes you.
* * * LOW HITPOINT WARNING * * *
The gnoll hits you from afar with a +0 halberd!
You die...

...... #.#######
......###.#.....#
......+.#.#ยง..#.#
......#.#.#...#.#
........#.#...#.#
..............#.##
#.......#+##.....#
#............#...###
........@.)..#.....+ .
..........g..##...## ...
..........g..##...##.....
.......................(.
.................#).....#
.................'......+
.................#......#
.......#....##.....)....
.....#....##.$........


You could see 2 gnolls.

Vanquished Creatures
  A centaur (D:4)
  A gnoll shaman (D:4)
  Crazy Yiuf (D:3)
  Terence (D:3)
  Robin (D:4)
  11 gnolls
  6 adders
  A worm (D:3)
  2 dart slugs
  3 orcs
  4 bats
  8 endoplasms
  5 giant cockroaches
  15 goblins
  7 hobgoblins
  8 jackals
  7 quokkas
  5 ball pythons
  A frilled lizard (D:3)
  7 kobolds
  8 rats
103 creatures vanquished.

Vanquished Creatures (others)
  266 foxfires
  A plant (D:5)
267 creatures vanquished.

Grand Total: 370 creatures vanquished

Notes
Turn   | Place    | Note
-------+----------+-------------------------------------------
     0 | D:1      | kae the Tengu Fire Elementalist began the quest for the
                  | Orb.
     0 | D:1      | Reached XP level 1. HP: 10/10 MP: 4/4
   299 | D:1      | Reached XP level 2. HP: 15/15 MP: 3/6
   335 | D:1      | Learned a level 2 spell: Scorch
   624 | D:1      | Found a faded altar of an unknown god.
  1306 | D:2      | Reached XP level 3. HP: 20/20 MP: 5/7
  1703 | D:2      | Reached skill level 4 in Fire Magic
  1834 | D:2      | Reached skill level 1 in Fighting
  1834 | D:2      | Reached skill level 1 in Armour
  1881 | D:2      | Reached XP level 4. HP: 25/25 MP: 5/8
  2995 | D:3      | Found an opulent altar of Gozag.
  3092 | D:3      | Gained mutation: Your magical nature lets you fly swiftly
                  | and evasively. [Tengu growth]
  3092 | D:3      | Reached XP level 5. HP: 27/29 MP: 6/9
  3202 | D:3      | Noticed Terence
  3216 | D:3      | Found an ancient bone altar of Kikubaaqudgha.
  3251 | D:3      | Killed Terence
  3523 | D:3      | Found a runed translucent door.
  3524 | D:3      | Noticed Crazy Yiuf
  3899 | D:3      | Learned a level 3 spell: Conjure Flame
  3913 | D:3      | Killed Crazy Yiuf
  4165 | D:4      | Noticed Robin
  4170 | D:4      | Killed Robin
  4198 | D:4      | Reached XP level 6. HP: 25/35 MP: 11/11
  4323 | D:4      | Found a stormy altar of Qazlal.
  4592 | D:4      | Reached skill level 5 in Fire Magic
  5296 | D:4      | Found a shimmering altar of Xom.
  5414 | D:5      | Entered Level 5 of the Dungeon
  6124 | D:5      | Slain by a gnoll

Illustrated notes

Levels and vault maps discovered:
D:1:      dpeg_arrival_circle_labyrinth_a, layout_basic, basic_ecumenical_altar
D:2:      layout_rooms
D:3:      layout_rooms, kiku_gazebo_pond_becter, grunt_gozag_statues,
          uniq_terence, uniq_crazy_yiuf_cottage
D:4:      layout_gridville, nicolae_qazlal_scattered_showers, tgw_xom,
          uniq_robin
D:5:      layout_basic, minmay_temple_entry_junction,
          ebering_ghost_reflecting_pool, chequers_big_river, item_on_display_b,
          uniq_ijyb

Skill      XL: |  1  2  3  4  5  6 |
---------------+-------------------+-----
Fire Magic     | 4 5 |  5.3
Fighting       | 1 2 |  2.3
Armour         | 1 2 |  2.5
Conjurations   | 2 3 |  3.4
Dodging        | 3 |  3.4
Spellcasting   | 3 |  3.0
Stealth        | |  2.0

Action                   |  1- 3 |  4- 6 || total
-------------------------+-------+-------++-------
Melee: Dagger            |    34 |    10 ||    44
       Kick              |     4 |    12 ||    16
       Peck              |     2 |    10 ||    12
       Punch             |     2 |     1 ||     3
       Trident           |       |    63 ||    63
 Cast: Foxfire           |    57 |    95 ||   152
       Scorch            |     5 |    14 ||    19
       Conjure Flame     |       |     2 ||     2
  Use: Scroll            |       |    16 ||    16
       Potion            |       |     2 ||     2
Armor: Leather armour    |    21 |    45 ||    66
Dodge: Dodged            |    36 |   169 ||   205

Table legend: (Time is in decaauts)
 A = Elapsed time spent in this place.
 B = Non-inter-level travel time spent in this place.
 C = Inter-level travel time spent in this place.
 D = Time resting spent in this place.
 E = Time spent auto-exploring this place.
 F = Levels seen in this place.
 G = Mean time per level.
                   A        B        C        D        E       F      G
               +--------+--------+--------+--------+--------+-----+--------+
         Total |   6029 |   5792 |    237 |    909 |   3929 |   5 | 1205.8 |
       Dungeon |   6029 |   5792 |    237 |    909 |   3929 |   5 | 1205.8 |
               +--------+--------+--------+--------+--------+-----+--------+

Top non-repeatable levels by time:
     D:4: 1760 daAuts
     D:1: 1666 daAuts
     D:3: 1209 daAuts
     D:2: 1174 daAuts
     D:5: 219 daAuts
